 Dungeon Crawl Stone Soup version 0.21-a0-110-g8e1637b (webtiles) character file.

1618 nikopol the Thaumaturge (level 8, -3/41 HPs)
             Began as a Deep Elf Fire Elementalist on July 8, 2017.
             Slain by Erica
             ... wielding a +4 scimitar of flaming
              (10 damage)
             ... on level 8 of the Dungeon.
             The game lasted 00:27:35 (6872 turns).

nikopol the Thaumaturge (DEFE)                      Turns: 6872, Time: 00:27:36

Health: -3/41      AC:  7    Str:  5    XL:     8   Next: 64%
Magic:  0/22       EV: 14    Int: 23    God:
Gold:   212        SH:  0    Dex: 15    Spells: 13/24 levels left

rFire    + . .     SeeInvis .   F - +0 dagger (venom)
rCold    . . .     Gourm    .   (no shield)
rNeg     . . .     Faith    .   a - +0 robe
rPois    +         Spirit   .   E - +2 helmet of Viese {rF+}
rElec    .         Reflect  .   l - +0 cloak
rCorr    .         Harm     .   y - +0 pair of gloves
MR       .....                  (no boots)
Stlth    +.........             (no amulet)
HPRegen  0.13/turn              j - ring of poison resistance
MPRegen  0.18/turn              (no ring)

@: confused
A: no striking features
a: no special abilities


You were on level 8 of the Dungeon.
You were not hungry.

You visited 1 branch of the dungeon, and saw 7 of its levels.

You collected 308 gold pieces.
You spent 96 gold pieces at shops.

Inventory:

Hand Weapons
 F - a +0 dagger of venom (weapon)
Armour
 a - a +0 robe (worn)
 l - a +0 cloak (worn)
 y - a +0 pair of gloves (worn)
 E - the +2 helmet of Viese (worn) {rF+}
   (You found it on level 5 of the Dungeon)

   It protects you from fire.
Jewellery
 j - a ring of poison resistance (left hand)
Wands
 i - a wand of confusion (20/48)
Scrolls
 d - a scroll of blinking {unknown}
 e - 3 scrolls of fear {unknown}
 g - a scroll of enchant weapon {unknown}
 o - 7 scrolls of remove curse
 p - a scroll of random uselessness {unknown}
 r - 2 scrolls of magic mapping {unknown}
 v - a scroll of enchant armour {unknown}
 x - a scroll of noise {unknown}
 z - 2 scrolls of recharging {unknown}
 G - 3 scrolls of teleportation
Potions
 k - a potion of might
 m - a potion of ambrosia
 n - a potion of berserk rage {unknown}
 s - 2 potions of haste {unknown}
 u - a potion of heal wounds {unknown}
 A - 3 potions of curing
 B - a potion of agility {unknown}
 C - a potion of brilliance {unknown}
 H - 2 potions of resistance
Books
 b - a book of Flames

   Spells                             Type                      Level
   a - Flame Tongue                   Conjuration/Fire             1
   b - Throw Flame                    Conjuration/Fire             2
   c - Conjure Flame                  Conjuration/Fire             3
   d - Inner Flame                    Hexes/Fire                   3
   e - Sticky Flame                   Conjuration/Fire             4
   f - Fireball                       Conjuration/Fire             5
Comestibles
 c - 5 bread rations
 f - 4 meat rations
 w - a fruit


   Skills:
 + Level 0.2 Fighting
 + Level 3.9 Dodging
 + Level 4.3 Stealth
 + Level 8.5 Spellcasting
 + Level 5.9 Conjurations
 + Level 7.5 Fire Magic


You had 13 spell levels left.
You knew the following spells:

 Your Spells              Type           Power        Failure   Level  Hunger
a - Flame Tongue          Conj/Fire      #####        1%          1    None
b - Throw Flame           Conj/Fire      #####.       1%          2    None
c - Conjure Flame         Conj/Fire      #####...     1%          3    None
d - Fireball              Conj/Fire      #####.....   12%         5    #####..


Dungeon Overview and Level Annotations

Branches:
Dungeon (6/15)
 Temple: D:4-7

Altars:
Dithmenos
Qazlal
Xom
Zin

Shops:
D:5 :(   D:6 ?

Annotations:
D:8 Erica


Message History

You hear some strange, mumbled words.
Something tries to affect you, but you resist.
Casting: Flame Tongue
Confirm with . or Enter, or press ? or * to list all spells.
Aiming: Flame Tongue
Press: ? - help, Shift-Dir - straight line Evoke which item? (* to show all) (? for menu, Esc to quit)
Aiming: Confuse (will waste charges)
Press: ? - help, Shift-Dir - straight line Nothing appears to happen.
Evoking this partially-identified wand wasted a few charges.
You hear some strange, mumbled words.
You are confused.
Evoke which item? (* to show all) (? for menu, Esc to quit)
You're too confused!
You bump into the rock wall.
You are engulfed in blazing flames.
You resist.
* * * LOW HITPOINT WARNING * * *
Something hits you!
You die...

######### ##.......##
##...####..## ##..###
##..# ##..## #####.#
#..## #...#.# #.##
##..[.# ##.# ###..#
#..+ ##@# ###..#
###.{# .....## ##....#
.###..## #...#.#
##..## #####.#####
##..### ##..#...#
.######...####.......#
.....................#
....?...........######


There were no monsters in sight!

Vanquished Creatures
  An ugly thing (D:8)
  Grinder (D:5)
  An ice beast (D:8)
  A sky beast (D:5)
  A scorpion (D:6)
  A water moccasin skeleton (D:4)
  2 orc priests
  3 hounds
  A centaur skeleton (D:8)
  A gnoll shaman (D:5)
  An iguana (D:5)
  4 orc wizards
  6 worker ants
  A hound skeleton (D:3)
  A worker ant zombie (D:6)
  6 gnolls
  7 adders
  4 oozes
  An adder zombie (D:3)
  2 worms
  2 dart slugs
  4 leopard geckos
  13 orcs
  6 bats
  7 giant cockroaches
  7 goblins
  5 hobgoblins
  7 jackals
  4 kobolds
  4 quokkas
  3 ball pythons
  A frilled lizard (D:1)
  4 leopard gecko skeletons
  A quokka skeleton (D:3)
  8 rats
122 creatures vanquished.

Vanquished Creatures (others)
  A centaur (D:5)
  A howler monkey (D:5)
  An orc wizard (D:5)
  An orc (D:5)
  3 giant cockroaches (D:5)
  A jackal (D:5)
  A quokka (D:5)
9 creatures vanquished.

Grand Total: 131 creatures vanquished

Notes
Turn   | Place    | Note
-------+----------+-------------------------------------------
     0 | D:1      | nikopol the Deep Elf Fire Elementalist began the quest for the Orb.
     0 | D:1      | Reached XP level 1. HP: 10/10 MP: 6/6
   127 | D:1      | Reached XP level 2. HP: 15/15 MP: 2/8
   745 | D:2      | Reached XP level 3. HP: 19/19 MP: 6/9
   953 | D:2      | Found a stormy altar of Qazlal.
   955 | D:2      | Noticed a water elemental
   956 | D:2      | Noticed a fire elemental
   956 | D:2      | Noticed an earth elemental
   956 | D:2      | Noticed an air elemental
  1238 | D:2      | Reached XP level 4. HP: 19/24 MP: 3/11
  2065 | D:3      | Reached skill level 4 in Spellcasting
  2093 | D:3      | Learned a level 2 spell: Throw Flame
  2097 | D:3      | Learned a level 3 spell: Conjure Flame
  2500 | D:3      | Reached XP level 5. HP: 28/28 MP: 1/13
  3255 | D:3      | Reached skill level 5 in Fire Magic
  3575 | D:4      | Reached skill level 5 in Spellcasting
  3632 | D:4      | Reached XP level 6. HP: 32/32 MP: 8/16
  3880 | D:4      | Found a shadowy altar of Dithmenos.
  4600 | D:5      | Entered Level 5 of the Dungeon
  4670 | D:5      | Noticed Grinder
  4682 | D:5      | Killed Grinder
  4682 | D:5      | Reached skill level 6 in Spellcasting
  4682 | D:5      | Reached XP level 7. HP: 36/36 MP: 7/18
  4871 | D:5      | Found Hoaffuev's Book Shop.
  5138 | D:5      | Found a glowing silver altar of Zin.
  5192 | D:5      | Got a jewelled helmet
  5203 | D:5      | Identified the +2 helmet of Viese {rF+} (You found it on level 5 of the Dungeon)
  5603 | D:5      | Found a shimmering altar of Xom.
  5615 | D:5      | Found Rorphuih's Antique Weapon Shoppe.
  5834 | D:6      | Found Laemosite's Magic Scroll Boutique.
  5840 | D:6      | Bought a scroll of identify for 24 gold pieces
  5840 | D:6      | Bought a scroll of teleportation for 36 gold pieces
  5840 | D:6      | Bought a scroll of remove curse for 36 gold pieces
  5968 | D:6      | Reached skill level 7 in Spellcasting
  5968 | D:6      | Reached XP level 8. HP: 31/41 MP: 11/20
  6637 | D:6      | You fall through a shaft for 2 floors!
  6637 | D:8      | Noticed a green ugly thing
  6657 | D:8      | Reached skill level 5 in Conjurations
  6673 | D:8      | Learned a level 5 spell: Fireball
  6733 | D:8      | Killed a green ugly thing
  6733 | D:8      | Reached skill level 8 in Spellcasting
  6850 | D:8      | Noticed Erica
  6872 | D:8      | Slain by Erica

Vault maps used:
D:1:      minmay_arrival_shattered_statue
D:2:      nicolae_qazlal_style_of_elements, first_bread
D:3:      minmay_wonky_spiral, serial_undead, serial_undead_f, serial_undead_b,
          serial_undead_f, serial_undead_c, serial_undead_c, serial_undead_d
D:4:      nicolae_dithmenos_shadow_blocks
D:5:      xom_confusion_cloud, old_standard_altar, serial_shops,
          kennysheep_mini, nicolae_shop_stone, minmay_parallelograms,
          uniq_grinder
D:6:      serial_shops, shop, shop
D:8:      cheibriados_altar_1, lemuel_crystal_altar,
          gammafunk_temple_overflow_claw, serial_shops, shop, uniq_maurice,
          uniq_psyche, uniq_erica

Skill      XL: |  1  2  3  4  5  6  7  8 |
---------------+-------------------------+-----
Fire Magic     | 4 5 6 7 |  7.5
Stealth        | 3 4 |  4.3
Dodging        | 3 |  3.9
Spellcasting   | 4 5 6 7 8 |  8.5
Conjurations   | 2 3 4 5 |  5.9
Fighting       | |  0.2

Action                   |  1- 3 |  4- 6 |  7- 9 || total
-------------------------+-------+-------+-------++-------
Melee: Dagger            |       |       |     3 ||     3
       Short sword       |       |       |     3 ||     3
 Cast: Flame Tongue      |    56 |   123 |   111 ||   290
       Conjure Flame     |       |     3 |     6 ||     9
       Throw Flame       |       |    13 |     7 ||    20
       Fireball          |       |       |     2 ||     2
Evoke: Wand              |       |       |     1 ||     1
  Use: Scroll            |       |       |     7 ||     7
  Eat: Chunk             |       |    10 |     8 ||    18
Armor: Robe              |     3 |    16 |    15 ||    34
Dodge: Dodged            |     7 |    39 |    47 ||    93
